 Dungeon Crawl Stone Soup version 0.31-a0-963-ga325b2283a (webtiles) character file.

Game seed: 15543043247552499068

1094 Newt the Skirmisher (level 8, -1/47 (49) HPs)
             Began as a Kobold Hunter on Oct 24, 2023.
             Killed by divine providence
             ... invoked by Jeremiah
              (11 damage)
             ... on level 6 of the Dungeon.
             The game lasted 00:05:43 (5494 turns).

Newt the Skirmisher (Kobold Hunter)                 Turns: 5494, Time: 00:05:43

HP:   -1/47 (49)    AC:  4    Str:  8    XL:     8   Next: 57%
MP:   13/13         EV: 14    Int: 15    God:
Gold: 291           SH:  0    Dex: 20    Spells: 12/14 levels left

rFire   . . .        a - +0 shortbow
rCold   . . .        (shield currently unavailable)
rNeg    + . .        f - +0 troll leather armour {Pargi}
rPois   .            (no helmet)
rElec   .            (no cloak)
rCorr   .            k - +0 pair of gloves "Bofeseoh" {rN+ Will+ Int+4}
SInv    .            (no boots)
Will    +....        e - amulet of the acrobat
Stlth   +++          (no ring)
HPRegen 1.07/turn    (no ring)
MPRegen 0.13/turn

%: acrobat
@: lightly drained
A: small, no large weapons, nightstalker 3
a: no special abilities


You were on level 6 of the Dungeon.
You visited 1 branch of the dungeon, and saw 6 of its levels.

You collected 291 gold pieces.

Inventory:

Hand Weapons
 a - a +0 shortbow (weapon)
Armour
 c - a +0 leather armour
 f - a +0 troll leather armour (worn) {Pargi}
 j - a +0 pair of gloves
 k - the +0 pair of gloves "Bofeseoh" (worn) {rN+ Will+ Int+4}
   (You found it on level 2 of the Dungeon)

   Int+4:     It affects your intelligence (+4).
   rN+:       It protects you from negative energy.
   Will+:     It increases your willpower.
 t - a +2 leather armour of fire resistance
Jewellery
 e - an amulet of the acrobat (around neck)
Wands
 s - a wand of flame (53)
Scrolls
 b - a scroll of butterflies
 d - a scroll of immolation
 g - a scroll of poison
 h - 2 scrolls of enchant armour
 n - 2 scrolls of vulnerability
 o - 2 scrolls of teleportation
 p - a scroll of torment {unknown}
 r - 2 scrolls of fog
 v - a scroll of summoning {unknown}
Potions
 i - a potion of ambrosia
 l - 3 potions of heal wounds
 m - a potion of lignification
 q - a potion of degeneration {unknown}
 u - a potion of mutation {unknown}


   Skills:
 - Level 5.0 Fighting
 - Level 10.0 Ranged Weapons
 - Level 2.4 Dodging
 - Level 1.3 Stealth
 + Level 3.7 Spellcasting
 + Level 3.7 Hexes


You had 12 spell levels left.
You knew the following spells:

 Your Spells              Type           Power      Damage    Failure   Level
a - Jinxbite              Hex            28%        N/A       9%          2

Your spell library contained the following spells:

 Spells                   Type           Power      Damage    Failure   Level
 Confusing Touch          Hex            14%        N/A       17%         3
 Ensorcelled Hibernation  Hex/Ice        16%        N/A       19%         2
 Freeze                   Ice            8%         1d3       26%         1
 Kiss of Death            Conj/Necr      8%         2d6       26%         1
 Necrotise                Necr           8%         1d4       26%         1
 Frozen Ramparts          Ice            4%         1d1       63%         3
 Hailstorm                Conj/Ice       2%         3d3       63%         3
 Vampiric Draining        Necr           2%         2d6       63%         3
 Anguish                  Hex/Necr       4%         N/A       77%         4
 Dispel Undead            Necr           2%         3d7       95%         4
 Agony                    Necr           2%         N/A       100%        5


Dungeon Overview and Level Annotations

Branches:
Dungeon (6/15)
 Temple: D:4-7

Altars:
Dithmenos
Fedhas
Kikubaaqudgha
Makhleb
Okawaru
Qazlal
Ru
Sif Muna
Uskayaw
Xom
The Shining One

Shops:
D:1 [   D:4 [

Annotations:
D:5 3 runed translucent doors
D:6 Jeremiah


Innate Abilities, Weirdness & Mutations

You are small and have problems with some larger weapons.
You are completely attuned to the shadows.


Message History

You kill the butterfly!
The butterfly disappears in a burst of colours! x2
Jeremiah lets out a twisted cry.
Something smites you!
You are too injured to fight recklessly!
You are too injured to fight recklessly!
Unknown command.
You shoot an arrow. The arrow hits the butterfly.
You kill the butterfly!
The butterfly disappears in a burst of colours! x2
Jeremiah barely misses you.
Fire: a) +0 shortbow
Press: ? - help, Shift-Dir - straight line, f - Jeremiah
Aim: Jeremiah, wielding a +2 trident of draining, wearing a +2 robe and wearing an orb of energy (almost dead, 63% to hit)
You shoot an arrow. The arrow barely misses the butterfly.
The arrow hits Jeremiah but does no damage.
Jeremiah is almost dead.
The butterfly disappears in a burst of colours!
Jeremiah hops!
Unknown command.
Fire: a) +0 shortbow
Press: ? - help, Shift-Dir - straight line, f/p - Jeremiah
Aim: Jeremiah, wielding a +2 trident of draining, wearing a +2 robe and wearing an orb of energy (almost dead, 63% to hit)
You shoot an arrow. The arrow misses the butterfly.
The arrow barely misses the butterfly.
The arrow misses Jeremiah.
You feel your willpower return.
Jeremiah lets out a twisted cry.
Something smites you!
* * * LOW HITPOINT WARNING * * *
Unknown command.
Fire: a) +0 shortbow
Press: ? - help, Shift-Dir - straight line, f/p - Jeremiah
Aim: Jeremiah, wielding a +2 trident of draining, wearing a +2 robe and wearing an orb of energy (almost dead, 63% to hit)
You shoot an arrow. The arrow hits the butterfly.
You kill the butterfly!
The butterfly disappears in a burst of colours!
Jeremiah shouts, "O dreadful one, destroy my foe!"
Something smites you!
You die...
Jeremiah asks, "Is it over?
Can I wake up now?"

.. ..# #.## #.#
.b. #F###########
#b##b#b........#
.b#b.bbb.#######.#
.bb.@bb### #.#
.####### #.# #.#
#.# #.# #.###
#...# ###.# #.#


You could see Jeremiah.

Vanquished Creatures
  Grinder (D:4)
  A water moccasin (D:5)
  Duvessa (D:5)
  Pargi (D:4)
  2 scorpions
  Blork the orc (D:5)
  Dowan (D:5)
  A hound (D:5)
  A jelly (D:6)
  4 iguanas
  An orc wizard (D:5)
  Ijyb (D:5)
  5 adders
  A white imp (D:5)
  2 ufetubi (D:6)
  3 worms
  10 orcs
  12 ball pythons
  3 bats
  7 endoplasms
  2 giant cockroaches
  10 goblins
  5 hobgoblins
  5 jackals
  5 kobolds
  4 quokkas
  2 frilled lizards
  8 rats
100 creatures vanquished.

Vanquished Creatures (others)
  A ball python (D:1)
1 creature vanquished.

Grand Total: 101 creatures vanquished

Notes
Turn   | Place    | Note
-------+----------+-------------------------------------------
     0 | D:1      | Newt the Kobold Hunter began the quest for the Orb.
     0 | D:1      | Reached XP level 1. HP: 12/12 MP: 1/1
   154 | D:1      | Found Ciliu's Antique Armour Boutique.
   163 | D:1      | Reached XP level 2. HP: 18/18 MP: 2/2
   294 | D:1      | Reached XP level 3. HP: 23/23 MP: 3/3
   877 | D:2      | Identified the +0 pair of gloves "Bofeseoh" {rN+ Will+
                  | Int+4}
  1224 | D:2      | Reached XP level 4. HP: 30/30 MP: 4/4
  2098 | D:3      | Reached skill level 5 in Fighting
  2114 | D:3      | Found a hide-covered altar of Uskayaw.
  2114 | D:3      | Found a shimmering blue altar of Sif Muna.
  2222 | D:3      | You fall into a shaft and drop 2 floors!
  2222 | D:5      | Entered Level 5 of the Dungeon
  2226 | D:5      | Noticed Blork the orc
  2242 | D:5      | Killed Blork the orc
  2243 | D:5      | Reached skill level 6 in Ranged Weapons
  2243 | D:5      | Reached XP level 5. HP: 17/35 MP: 5/5
  2464 | D:5      | Reached skill level 7 in Ranged Weapons
  2464 | D:5      | Reached XP level 6. HP: 28/40 MP: 6/6
  2619 | D:4      | Noticed Pargi
  2640 | D:4      | HP: 1/40 [Pargi (3)]
  2653 | D:4      | Killed Pargi
  2654 | D:4      | Reached skill level 8 in Ranged Weapons
  3091 | D:3      | Found a faded altar of an unknown god.
  3306 | D:3      | Found a blossoming altar of Fedhas.
  3314 | D:3      | Found an iron altar of Okawaru.
  3573 | D:4      | Learned a level 2 spell: Jinxbite
  3686 | D:4      | Found a stormy altar of Qazlal.
  3988 | D:4      | Reached XP level 7. HP: 37/44 MP: 7/7
  4093 | D:4      | Found Juiryqit's Armour Shop.
  4179 | D:4      | Found a burning altar of Makhleb.
  4179 | D:4      | Found a glowing golden altar of the Shining One.
  4186 | D:4      | Found a sacrificial altar of Ru.
  4187 | D:4      | Noticed Grinder
  4199 | D:4      | Killed Grinder
  4200 | D:4      | Reached skill level 10 in Ranged Weapons
  4209 | D:4      | Found a shadowy altar of Dithmenos.
  4221 | D:4      | Found an ancient bone altar of Kikubaaqudgha.
  4225 | D:4      | Found a shimmering altar of Xom.
  4334 | D:5      | Found a runed translucent gate.
  4334 | D:5      | Found a runed translucent gate.
  4335 | D:5      | Found a runed translucent gate.
  4374 | D:5      | Noticed Ijyb
  4387 | D:5      | Killed Ijyb
  4388 | D:5      | Reached skill level 1 in Spellcasting
  4388 | D:5      | Reached skill level 1 in Hexes
  4623 | D:5      | Noticed a water moccasin
  4636 | D:5      | Killed a water moccasin
  4637 | D:5      | Reached XP level 8. HP: 48/49 MP: 8/11
  4703 | D:5      | Noticed Duvessa
  4716 | D:5      | Noticed Dowan
  4721 | D:5      | Killed Duvessa
  4735 | D:5      | Killed Dowan
  5430 | D:6      | Noticed Jeremiah
  5494 | D:6      | Killed from afar by Jeremiah

Illustrated notes

Levels and vault maps discovered:
D:1:      psy_arrival_conway, layout_rooms, serial_shops, shop,
          grunt_decor_mini_mirrors, lemuel_flame_loot_1
D:2:      layout_basic
D:3:      layout_loops_ring, gammafunk_temple_overflow_elements,
          amethyst_overflow_temple_binary, ebering_ecumenical_altar_abandoned
D:4:      layout_loops_ring, lemuel_crystal_altar, minmay_overflow_temple_hex,
          serial_shops, nicolae_take_the_stairs, nicolae_zig_zag_zippers,
          uniq_grinder, uniq_pargi
D:5:      layout_rooms, gammafunk_ghost_necromancy,
          hangedman_abyss_or_decor_passed, uniq_duvessa, uniq_ijyb,
          uniq_blork_the_orc
D:6:      layout_loops_cross, uniq_jeremiah

Skill      XL: |  1  2  3  4  5  6  7  8 |
---------------+-------------------------+-----
Fighting       | 3 4 5 |  5.0
Ranged Weapons | 6 7 8 10 | 10.0
Spellcasting   | 2 3 |  3.7
Hexes          | 2 3 |  3.7
Dodging        | |  2.4
Stealth        | |  1.3

Action                     |  1- 3 |  4- 6 |  7- 9 || total
---------------------------+-------+-------+-------++-------
  Melee: Shortbow          |       |     2 |       ||     2
   Fire: Shortbow          |    89 |   187 |   193 ||   469
   Cast: Jinxbite          |       |       |     5 ||     5
    Use: Scroll            |     4 |     4 |     1 ||     9
         Potion            |       |     3 |       ||     3
 Armour: Leather armour    |    16 |    38 |       ||    54
         Skin              |       |    34 |       ||    34
         Troll leather arm |       |    13 |    59 ||    72
  Dodge: Dodged            |    26 |    81 |    78 ||   185

Table legend: (Time is in decaauts)
 A = Elapsed time spent in this place.
 B = Non-inter-level travel time spent in this place.
 C = Inter-level travel time spent in this place.
 D = Time resting spent in this place.
 E = Time spent auto-exploring this place.
 F = Levels seen in this place.
 G = Mean time per level.
                   A        B        C        D        E       F      G
               +--------+--------+--------+--------+--------+-----+--------+
         Total |   5530 |   5214 |    316 |    551 |   3881 |   6 |  921.7 |
       Dungeon |   5530 |   5214 |    316 |    551 |   3881 |   6 |  921.7 |
               +--------+--------+--------+--------+--------+-----+--------+

Top non-repeatable levels by time:
     D:2: 1226 daAuts
     D:5: 1196 daAuts
     D:4: 1042 daAuts
     D:1: 871 daAuts
     D:3: 797 daAuts
     D:6: 395 daAuts
